 Dungeon Crawl Stone Soup version 0.22-a0-274-gf8199ec (webtiles) character file.

10931 puppykicker the Cruncher (level 11, -1/85 HPs)
             Began as a Minotaur Wizard on Mar 14, 2018.
             Was an Elder of Kikubaaqudgha.
             Slain by Snorg (12 damage)
             ... on level 11 of the Dungeon.
             The game lasted 00:50:49 (13397 turns).

puppykicker the Cruncher (Minotaur Wizard)         Turns: 13397, Time: 00:50:49

Health: -1/85      AC: 12    Str: 13    XL:     11   Next: 42%
Magic:  19/19      EV: 12    Int: 18    God:    Kikubaaqudgha [****..]
Gold:   343        SH:  0    Dex:  8    Spells: 0/22 levels left

rFire    . . .     SeeInvis +   a - +2 halberd (elec)
rCold    + . .     Gourm    .   (shield currently unavailable)
rNeg     . . .     Faith    .   P - +3 leather armour
rPois    +         Spirit   .   T - +2 hat {SInv}
rElec    .         Reflect  .   O - +0 cloak
rCorr    .         Harm     .   (no gloves)
MR       .....     Rnd*Tele +   o - +2 pair of boots
Stlth    +.........             (no amulet)
HPRegen  0.24/turn              (no ring)
MPRegen  0.16/turn              r - ring of poison resistance

@: very slightly contaminated
A: retaliatory headbutt, horns 2, cold resistance 1, sense surroundings 1,
teleportitis 1
a: Receive Corpses, Renounce Religion


You were on level 11 of the Dungeon.
You worshipped Kikubaaqudgha.
Kikubaaqudgha was greatly pleased with you.
You were hungry.

You visited 2 branches of the dungeon, and saw 12 of its levels.
You also visited: Bailey.

You collected 433 gold pieces.
You spent 90 gold pieces at shops.


Innate Abilities, Weirdness & Mutations

You reflexively headbutt those who attack you in melee.
You have a pair of horns on your head.
Your flesh is cold resistant. (rC+)
You passively map a small area around you.
You are occasionally teleported next to monsters.


   Skills:
 - Level 4.5 Fighting
 + Level 11.6 Staves
 - Level 3.2 Armour
 - Level 3.3 Dodging
 - Level 1.5 Stealth
 - Level 6.0 Spellcasting
 + Level 3.1 Conjurations
 + Level 2.9 Charms
 - Level 2.2 Summonings
 + Level 4.7 Necromancy
 + Level 3.1 Translocations
 - Level 2.1 Fire Magic
 - Level 2.0 Air Magic
 - Level 2.1 Poison Magic


You couldn't memorise any spells.
You knew the following spells:

 Your Spells              Type           Power        Failure   Level  Hunger
a - Magic Dart            Conj           ###.         4%          1    None
b - Call Imp              Summ           ##......     10%         2    None
c - Mephitic Cloud        Conj/Pois/Air  ##......     16%         3    ##.....
d - Conjure Flame         Conj/Fire      ###.....     16%         3    ##.....
e - Corpse Rot            Necr           N/A          3%          2    None
p - Blink                 Tloc           N/A          6%          2    None
r - Regeneration          Chrm/Necr      ###.......   10%         3    ##.....
w - Song of Slaying       Chrm           ###.....     7%          2    None
Z - Animate Dead          Necr           N/A          22%         4    ####...

Inventory:

Hand Weapons
 a - a +2 halberd of electrocution (weapon)
 b - a +0 shortbow
 c - a +2 halberd of venom
 k - the +5 morningstar of the Empty Page {flame, rElec, unknown}
   (You found it on level 10 of the Dungeon)

   It has been specially enchanted to burn those struck by it, causing extra
   injury to most foes and up to half again as much damage against particularly
   susceptible opponents.
   It insulates you from electricity.
 v - a +0 blowgun
 C - a +0 glaive
 I - a +3 quarterstaff of chaos
Missiles
 q - 44 bolts
 t - 4 curare-tipped needles
 u - 136 arrows
 F - a throwing net
 Q - 67 tomahawks of returning (quivered)
 U - 20 poisoned needles
Armour
 g - a +0 shield
 o - a +2 pair of boots (worn)
 z - a +0 buckler
 O - a +0 cloak (worn)
 P - a +3 leather armour (worn)
 T - a +2 hat of see invisible (worn)
Jewellery
 r - a ring of poison resistance (right hand)
Wands
 w - a wand of iceblast (6)
 M - a wand of paralysis (17)
 N - a wand of acid (16)
Scrolls
 e - 2 scrolls of remove curse
 h - 4 scrolls of teleportation
 i - a scroll of fog
 j - 2 scrolls of magic mapping
 m - 2 scrolls of amnesia
 s - a scroll of immolation {unknown}
 x - a scroll of random uselessness {unknown}
 y - a scroll of acquirement {unknown}
 A - 4 scrolls of noise {!r}
 B - 2 scrolls of enchant armour
 D - a scroll of holy word {unknown}
 J - a scroll of torment {unknown}
Potions
 f - 4 potions of brilliance
 n - a potion of ambrosia
 p - 9 potions of heal wounds
 E - 4 potions of might
 G - 2 potions of resistance
 H - 2 potions of lignification {!q}
 K - 2 potions of berserk rage {unknown}
 L - 2 potions of agility {unknown}
 R - 5 potions of curing
 S - a potion of magic
Comestibles
 d - 26 rations

Dungeon Overview and Level Annotations

Branches:
Dungeon (11/15)            Temple (1/1) D:4            Lair (0/6) D:8
    Orc: D:9-12

Altars:
Ashenzari
Cheibriados
Dithmenos
Elyvilon
Fedhas
Gozag
Hepliaklqana
Kikubaaqudgha
Makhleb
Nemelex Xobeh
Okawaru
Qazlal
Ru
Sif Muna
Trog
Uskayaw
Vehumet
Wu Jian
Xom
Yredelemnul
Zin
The Shining One

Shops:
D:5 [

Annotations:
D:2 need flight or dig
D:11 Snorg

,* ........##.#.### ,
############........#
.........#.#...(....#
, ,
..........(#........#
.......((#c#........#
.........#.#........#
######+###.#.########
#.#.# #@#.# #T#.# ,
#.#.# *#(#.# #.#.#
#.#.# #.#.# #.#.#
#.#.#


You could see Snorg (berserk) and a centaur.


Message History

Snorg claws you but does no damage.
Unknown command.
You feel much better. Snorg bites you.
* * * LOW HITPOINT WARNING * * *
Snorg claws you!
* * * LOW HITPOINT WARNING * * *
Snorg claws you.
* * * LOW HITPOINT WARNING * * *
The centaur shoots an arrow.
The arrow barely misses you.
The arrow barely misses Snorg.
Snorg bites you!
* * * LOW HITPOINT WARNING * * *
Snorg closely misses you. Snorg claws you but does no damage.
You feel much better.
Snorg barely misses you. x2; Snorg closely misses you.
Unknown command.
Evoke which item? (* to show all) (? for menu, Esc to quit)
Aiming: Paralyse
Aim: a centaur, wielding a shortbow (chance to defeat MR: 46%)
Okay, then.
Unknown command.
Okay, then.
Magic courses through your body.
The centaur shoots an arrow.
The arrow hits you.
* * * LOW HITPOINT WARNING * * *
Snorg bites you!
* * * LOW HITPOINT WARNING * * *
Snorg claws you!
* * * LOW HITPOINT WARNING * * *
Snorg claws you but does no damage. Snorg bites you!
You die...
Kikubaaqudgha rasps: "You have failed me!
Welcome... death!"

Action                   |  1- 3 |  4- 6 |  7- 9 | 10-12 || total
-------------------------+-------+-------+-------+-------++-------
Melee: Unarmed           |    24 |       |       |       ||    24
       Club              |    22 |       |       |       ||    22
       Headbutt          |    14 |    11 |    29 |    23 ||    77
       Hand axe          |    98 |    48 |       |       ||   146
       Trident           |       |   116 |       |       ||   116
       Halberd           |       |       |   346 |   243 ||   589
       Mace              |       |       |    36 |       ||    36
 Fire: Shortbow          |       |       |    47 |       ||    47
       Blowgun           |       |       |       |     5 ||     5
 Cast: Magic Dart        |     8 |    18 |    12 |     3 ||    41
       Blink             |       |     2 |       |     3 ||     5
       Call Imp          |       |     2 |       |       ||     2
       Mephitic Cloud    |       |     1 |    21 |    16 ||    38
       Corpse Rot        |       |       |     7 |     1 ||     8
       Regeneration      |       |       |     1 |     6 ||     7
       Conjure Flame     |       |       |       |     2 ||     2
Evoke: Wand              |       |       |     4 |       ||     4
  Use: Scroll            |     1 |     2 |     5 |    15 ||    23
       Potion            |       |       |     1 |     7 ||     8
 Stab: Sleeping          |     2 |     1 |     2 |     1 ||     6
       Confused          |       |     3 |     5 |     4 ||    12
       Paralysed         |       |       |     5 |       ||     5
  Eat: Chunk             |     3 |     7 |    17 |    11 ||    38
       Ration            |       |       |     1 |     1 ||     2
Armor: Leather armour    |    64 |    79 |   159 |    93 ||   395
       Robe              |     1 |       |       |       ||     1
Dodge: Dodged            |   107 |   101 |   228 |   143 ||   579

Vault maps used:
D:1:      lightli_arrival_farm
D:2:      marbit_many_paths, first_ration, lemuel_another_geyser
D:4:      eat_drink_and_be_merry_uskayaw, temple_fountains, serial_park_tiny_2,
          uniq_menkaure
D:5:      grunt_gozag_breadcrumbs, serial_shops, shop, minmay_ogre_servants,
          uniq_duvessa
D:7:      tgw_xom, uniq_crazy_yiuf_cottage, uniq_pikel
D:8:      old_standard_altar, zin_purify, minmay_lair_entry_lava, enter_bailey_3
D:9:      uniq_erolcha
D:10:     uniq_gastronok, uniq_sonja
D:11:     orc_0_dummy, grunt_ogre_cave, uniq_snorg
Temple:   regret_index_temple_sphere_string
Bailey:   bailey_axe_2, bailey

Notes
Turn   | Place    | Note
-------+----------+-------------------------------------------
     0 | D:1      | puppykicker the Minotaur Wizard began the quest for the Orb.
     0 | D:1      | Reached XP level 1. HP: 14/14 MP: 2/2
   399 | D:1      | Reached skill level 1 in Fighting
   529 | D:1      | Reached skill level 1 in Conjurations
   529 | D:1      | Reached XP level 2. HP: 20/23 MP: 4/4
   534 | D:1      | Learned a level 2 spell: Blink
   537 | D:1      | Learned a level 2 spell: Call Imp
   886 | D:1      | Reached XP level 3. HP: 29/29 MP: 5/5
  1237 | D:1      | Reached skill level 2 in Fighting
  1682 | D:2      | Reached skill level 1 in Armour
  1682 | D:2      | Reached skill level 1 in Summonings
  1682 | D:2      | Reached skill level 1 in Translocations
  1778 | D:2      | Found a glowing golden altar of the Shining One.
  1865 | D:2      | Reached XP level 4. HP: 29/37 MP: 6/6
  2460 | D:3      | Reached skill level 3 in Fighting
  2643 | D:3      | Reached XP level 5. HP: 45/45 MP: 7/7
  2648 | D:3      | Learned a level 3 spell: Mephitic Cloud
  3132 | D:3      | Noticed mattiecakes's ghost (amateur SpAs)
  3162 | D:3      | Killed mattiecakes's ghost
  3162 | D:3      | Reached skill level 2 in Armour
  3162 | D:3      | Reached XP level 6. HP: 51/51 MP: 7/9
  3728 | D:4      | Noticed Menkaure
  3747 | D:4      | Killed Menkaure
  3747 | D:4      | Reached skill level 4 in Fighting
  3747 | D:4      | Reached skill level 1 in Poison Magic
  3824 | D:4      | Reached XP level 7. HP: 33/59 MP: 7/10
  3991 | D:4      | Found a staircase to the Ecumenical Temple.
  4003 | Temple   | Entered the Ecumenical Temple
  4149 | Temple   | Became a worshipper of Kikubaaqudgha
  4389 | D:4      | Reached skill level 3 in Dodging
  4389 | D:4      | Reached skill level 2 in Conjurations
  4389 | D:4      | Reached skill level 1 in Air Magic
  4394 | D:4      | Learned a level 3 spell: Conjure Flame
  4432 | D:4      | Reached skill level 2 in Summonings
  4432 | D:4      | Reached skill level 2 in Translocations
  4622 | D:4      | Found a hide-covered altar of Uskayaw.
  4748 | D:5      | Entered Level 5 of the Dungeon
  4758 | D:5      | Found Tetzy's Armour Emporium.
  4779 | D:5      | Found an opulent altar of Gozag.
  4836 | D:5      | Reached skill level 3 in Armour
  4885 | D:5      | Reached skill level 3 in Spellcasting
  4912 | D:5      | Reached * piety under Kikubaaqudgha
  4912 | D:5      | Identified Kikubaaqudgha's Almanac of Unholy Rituals (Kikubaaqudgha gifted it to you on level 5 of the Dungeon)
  4912 | D:5      | Received a gift from Kikubaaqudgha
  5144 | D:5      | Noticed Duvessa
  5159 | D:5      | Killed Duvessa
  5159 | D:5      | Reached XP level 8. HP: 37/67 MP: 10/12
  5685 | D:5      | Learned a level 3 spell: Regeneration
  5786 | D:6      | Reached skill level 4 in Spellcasting
  6496 | D:6      | Reached skill level 1 in Necromancy
  6496 | D:6      | Reached skill level 1 in Fire Magic
  6557 | D:6      | Reached skill level 2 in Staves
  6571 | D:6      | Reached skill level 3 in Staves
  6575 | D:6      | Learned a level 2 spell: Corpse Rot
  6755 | D:6      | Reached skill level 4 in Staves
  7095 | D:7      | Found a runed door.
  7205 | D:7      | Reached skill level 5 in Staves
  7205 | D:7      | Reached XP level 9. HP: 57/72 MP: 15/15
  7375 | D:7      | Reached skill level 6 in Staves
  7519 | D:7      | Reached ** piety under Kikubaaqudgha
  7617 | D:7      | Noticed Pikel
  7641 | D:7      | Killed Pikel
  7641 | D:7      | Reached skill level 8 in Staves
  7831 | D:7      | Found a shimmering altar of Xom.
  7870 | D:7      | Noticed Crazy Yiuf
  7872 | D:7      | Killed Crazy Yiuf
  7948 | D:8      | Identified 2 potions of resistance
  8002 | D:8      | Found a sparkling altar of Nemelex Xobeh.
  8026 | D:8      | Reached skill level 9 in Staves
  8067 | D:8      | Found a flagged portal.
  8093 | Bailey   | Entered a bailey
  8150 | Bailey   | Reached *** piety under Kikubaaqudgha
  8150 | Bailey   | Identified Kikubaaqudgha's Papyrus of Unholy Magic (Kikubaaqudgha gifted it to you in a bailey)
  8150 | Bailey   | Received a gift from Kikubaaqudgha
  8313 | Bailey   | Noticed an orc knight
  8630 | Bailey   | Killed an orc knight
  8630 | Bailey   | Reached skill level 1 in Charms
  8630 | Bailey   | Reached skill level 2 in Air Magic
  8630 | Bailey   | Reached skill level 2 in Poison Magic
  8869 | D:8      | Found a staircase to the Lair.
  9000 | D:8      | Noticed a two-headed ogre
  9018 | D:8      | Killed a two-headed ogre
  9018 | D:8      | Reached skill level 5 in Spellcasting
  9018 | D:8      | Reached skill level 2 in Necromancy
  9018 | D:8      | Reached skill level 2 in Fire Magic
  9018 | D:8      | Reached XP level 10. HP: 56/80 MP: 9/16
  9134 | D:8      | Found Zin's Purification Station.
  9140 | D:8      | Found a glowing silver altar of Zin.
  9144 | D:8      | Bought a potion of curing for 90 gold pieces
  9506 | D:8      | Reached skill level 10 in Staves
  9510 | D:8      | Reached skill level 2 in Charms
 10403 | D:9      | Noticed Erolcha
 10421 | D:9      | Killed Erolcha
 10421 | D:9      | Reached skill level 3 in Necromancy
 10563 | D:9      | Gained mutation: You are occasionally teleported next to monsters. [potion of mutation]
 10563 | D:9      | Gained mutation: Your flesh is cold resistant. (rC+) [potion of mutation]
 10563 | D:9      | Gained mutation: You passively map a small area around you. [potion of mutation]
 11169 | D:10     | Entered Level 10 of the Dungeon
 11184 | D:10     | Noticed a two-headed ogre
 11196 | D:10     | Reached **** piety under Kikubaaqudgha
 11365 | D:10     | Noticed a two-headed ogre
 11734 | D:10     | Learned a level 4 spell: Animate Dead
 11789 | D:10     | Noticed Gastronok
 11789 | D:10     | Noticed Sonja
 11946 | D:10     | Got a warped morningstar
 12215 | D:10     | Killed a two-headed ogre
 12215 | D:10     | Reached skill level 11 in Staves
 12215 | D:10     | Reached skill level 6 in Spellcasting
 12215 | D:10     | Reached skill level 4 in Necromancy
 12216 | D:10     | Killed Sonja
 12216 | D:10     | Reached XP level 11. HP: 42/85 MP: 12/19
 12257 | D:10     | Learned a level 2 spell: Song of Slaying
 12521 | D:10     | Killed Gastronok
 12738 | D:10     | Killed a two-headed ogre
 12942 | D:11     | Reached skill level 3 in Conjurations
 12970 | D:11     | Reached skill level 3 in Translocations
 12979 | D:11     | Identified Unuseleq's Guide on Supportive Transformation
 13369 | D:11     | Noticed Snorg
 13393 | D:11     | HP: 8/85 [Snorg (17)]
 13397 | D:11     | Slain by Snorg

Vanquished Creatures
  Gastronok (D:10)
  Erolcha (D:9)
  3 two-headed ogres
  Sonja (D:10)
  An orc knight (Bailey)
  Pikel (D:7)
  A hippogriff (D:8)
  A wyvern (D:8)
  A wraith (D:11)
  3 yaks (D:11)
  Menkaure (D:4)
  2 hell hounds (D:8)
  Duvessa (D:5)
  A water moccasin (D:11)
  The ghost of mattiecakes the Covert, an amateur SpAs (D:3)
  A slave (D:7)
  4 orc warriors
  3 ice beasts
  An eye of draining (D:10)
  2 phantoms
  2 sky beasts
  4 ogres
  4 centaurs
  4 big kobolds
  2 bullfrogs (D:6)
  2 scorpions
  A centaur zombie (D:7)
  4 hounds
  A quasit (D:8)
  2 bullfrog zombies
  3 crimson imps
  Crazy Yiuf (D:7)
  11 orc priests
  3 centaur skeletons
  A gnoll shaman (D:8)
  15 orc wizards
  A bullfrog skeleton (D:10)
  3 iguanas
  7 worker ants
  2 hound zombies
  A worker ant zombie (D:7)
  6 adders
  27 gnolls
  A shadow imp (D:8)
  An adder zombie (D:9)
  2 adder skeletons
  3 worms
  2 dart slugs (D:1)
  A leopard gecko (D:4)
  44 orcs
  2 giant cockroaches (D:1)
  23 goblins
  20 hobgoblins
  10 jackals
  7 quokkas
  4 bats
  10 frilled lizards
  28 kobolds
  A leopard gecko zombie (D:6)
  7 rats
304 creatures vanquished.

Vanquished Creatures (collateral kills)
  2 orcs (D:3)
2 creatures vanquished.

Grand Total: 306 creatures vanquished
